 Dungeon Crawl Stone Soup version 0.30.1-9-gdf580d7c3d (webtiles) character file.

Game seed: 1733369762041163610

2571 H0rd4k the Cutter (level 9, -4/60 HPs)
             Began as an Octopode Artificer on Oct 16, 2023.
             Was an Initiate of Gozag.
             Succumbed to an orange demon's poison
             ... on level 8 of the Dungeon.
             The game lasted 00:07:18 (6131 turns).

H0rd4k the Cutter (Octopode Artificer)              Turns: 6131, Time: 00:07:18

Health: -4/60      AC:  5    Str: 11    XL:     9   Next: 57%
Magic:  9/9        EV: 17    Int: 17    God:    Gozag
Gold:   341        SH:  0    Dex: 19    Spells: 8/8 levels left

rFire   . . .        s - +4 short sword (drain)
rCold   . . .        (no shield)
rNeg    . . .        q - +0 hat
rPois   .            (no amulet)
rElec   .            a - +4 ring of protection
rCorr   .            v - ring of willpower
SInv    .            w - ring of willpower
Will    ++...        y - +6 ring of dexterity
Stlth   +++          (no ring)
HPRegen 0.30/turn    (no ring)
MPRegen 0.11/turn    (no ring)
                     (no ring)

%: no passive effects
@: brilliant, lethally poisoned (-4 -> -24), flying
A: almost no armour, amphibious, 8 rings, camouflage 1, gelatinous body 1,
(nimble swimmer 1), tentacles
a: Renounce Religion, Potion Petition, Call Merchant, Bribe Branch


You were on level 8 of the Dungeon.
You worshipped Gozag.
Gozag was aware of your devotion.
You visited 2 branches of the dungeon, and saw 9 of its levels.

You collected 497 gold pieces.
You paid 156 gold pieces to Gozag.

Inventory:

Hand Weapons
 s - a +4 short sword of draining (weapon)
Missiles
 l - 34 poisoned darts
 D - 2 throwing nets
 F - a curare-tipped dart
Armour
 q - a +0 hat (worn)
Magical Staves
 z - a staff of air
Jewellery
 a - a +4 ring of protection (left tentacle)
 v - a ring of willpower (right tentacle)
 w - a ring of willpower (on tentacle)
 y - a +6 ring of dexterity (on tentacle)
Wands
 b - a wand of flame (32) (quivered)
 c - a wand of charming (14)
Scrolls
 d - a scroll of silence {unknown}
 e - 6 scrolls of identify
 j - a scroll of blinking
 m - 2 scrolls of fear {unknown}
 n - 4 scrolls of amnesia
 u - 2 scrolls of teleportation {unknown}
 B - a scroll of fog {unknown}
 C - a scroll of acquirement {unknown}
 E - a scroll of noise {unknown}
 G - 2 scrolls of poison {unknown}
Potions
 f - 5 potions of flight
 h - a potion of curing {unknown}
 i - a potion of haste {unknown}
 k - a potion of mutation {unknown}
 o - a potion of brilliance
 p - 2 potions of attraction {unknown}
 r - 2 potions of heal wounds {unknown}
 t - a potion of resistance {unknown}
 x - a potion of cancellation {unknown}
 A - 2 potions of might {unknown}


   Skills:
 + Level 4.8 Fighting
 + Level 6.7 Short Blades
 + Level 6.6 Dodging
 - Level 1.3 Stealth
 + Level 6.1 Unarmed Combat
 + Level 5.1 Evocations


You had 8 spell levels left.
You didn't know any spells.
Your spell library was empty.

Dungeon Overview and Level Annotations

Branches:
Dungeon (8/15)             Temple (1/1) D:7
   Lair: D:8-11

Altars:
Ashenzari
Cheibriados
Dithmenos
Elyvilon
Fedhas
Gozag
Hepliaklqana
Kikubaaqudgha
Nemelex Xobeh
Okawaru
Qazlal
Ru
Sif Muna
Trog
Uskayaw
Wu Jian
Yredelemnul
Zin
The Shining One

Shops:
D:8 :

Annotations:
D:3 exclusions: downstairs and 1 more exclusion
D:8 Amaemon


Innate Abilities, Weirdness & Mutations

You cannot wear most types of armour.
You are amphibious.
You can wear up to eight rings at the same time.
Your skin changes colour to match your surroundings (Stealth+).
Your rubbery body absorbs attacks. (AC +1, EV +1)
((You are camouflaged when in or above water. (Stealth+)))
You have tentacles for arms and can constrict up to eight enemies at once.


Message History

As you read the scroll labelled TITEOSOTAFF, it crumbles to dust.
You feel aware of your surroundings.
You sensed 1 altar, and 2 shops/portals.
It was a scroll of magic mapping.
You feel very sick. Amaemon misses you. Amaemon claws you. Amaemon misses you.
The orange demon stings you but does no damage.
As you read the scroll labelled ISUVACVI DUFFA, it crumbles to dust.
It is a scroll of identify.
n - 4 scrolls of amnesia
* * * LOW HITPOINT WARNING * * *
You feel very sick. Amaemon misses you. Amaemon completely misses you.
Amaemon tail-slaps you but does no damage.
The orange demon stings you from afar.
* * * LOW HITPOINT WARNING * * *
You are more poisoned.
The orange demon poisons you!
Blink to where?
Press: ? - help, Dir - move target
As you read the scroll labelled MEVUDGHUMNO, it crumbles to dust.
It was a scroll of blinking.
* * * LOW HITPOINT WARNING * * *
You feel extremely sick.
Unknown command.
It was a potion of flight.
You feel very buoyant.
You fly up into the air.
* * * LOW HITPOINT WARNING * * *
You feel very sick.
Unknown command.
Saving game... please wait.
Level annotation: Amaemon Welcome back, H0rd4k the Octopode Artificer.
Gozag says: Greed is good.
Press ? for a list of commands and other information.
It was a potion of brilliance.
You feel clever all of a sudden.
You die...
Your body crumbles into a pile of gold.

**,,,**
##....#**,,,,**,*,**,,
,,,,,* ####.4####
*,*,***,,**,,,
,,,,**###....6##
*,**,,,,,*,,**
,****##........##
******,,,,,*** **
#...###....# *,,,,,***
#..## ###..# ******,,,
#.## *#.# **,. #..# #.##
*#. ##.## ##.@########
*#.. ##.#####..........##
##..# #..##...#....#....#
##..#*
##...#####..####..###..#*
##### #...##.......##
##..........##
######.....#####
##.....#<.. *#...##...##


You could see Amaemon and an orange demon.

Vanquished Creatures
  Grinder (D:3)
  Prince Ribbit (D:5)
  A water moccasin (D:6)
  2 ice beasts (D:7)
  2 black bears
  A sky beast (D:7)
  3 ogres
  A centaur (D:7)
  A phantom (D:7)
  A kobold brigand (D:7)
  2 scorpions
  5 hounds
  A gnoll bouda (D:7)
  3 jellies
  2 orc priests
  8 iguanas
  2 sleepcaps
  5 orc wizards
  7 gnolls
  10 adders
  A white imp (D:6)
  3 ufetubi
  2 dart slugs
  19 orcs
  15 endoplasms
  2 giant cockroaches
  20 goblins
  13 hobgoblins
  4 jackals (D:2)
  3 quokkas
  10 ball pythons
  5 bats
  5 frilled lizards
  23 kobolds
  A rat (D:3)
185 creatures vanquished.

Vanquished Creatures (collateral kills)
  2 hobgoblins (D:3)
  A frilled lizard (D:3)
3 creatures vanquished.

Grand Total: 188 creatures vanquished

Notes
Turn   | Place    | Note
-------+----------+-------------------------------------------
     0 | D:1      | H0rd4k the Octopode Artificer began the quest for the Orb.
     0 | D:1      | Reached XP level 1. HP: 13/13 MP: 1/1
    87 | D:1      | Reached XP level 2. HP: 16/18 MP: 2/2
   309 | D:1      | Reached XP level 3. HP: 8/23 MP: 3/3
   461 | D:1      | Found a faded altar of an unknown god.
   497 | D:1      | Reached skill level 1 in Unarmed Combat
   983 | D:2      | Reached XP level 4. HP: 25/28 MP: 4/4
  1910 | D:3      | Noticed Grinder
  1912 | D:3      | Paralysed by Grinder for 3 turns
  1919 | D:3      | Killed Grinder
  1920 | D:3      | Reached XP level 5. HP: 21/34 MP: 5/5
  1920 | D:3      | Reached XP level 6. HP: 24/39 MP: 6/6
  2640 | D:4      | Noticed a black bear
  2719 | D:4      | Reached XP level 7. HP: 44/44 MP: 7/7
  2747 | D:4      | Reached skill level 1 in Short Blades
  2747 | D:4      | Reached skill level 5 in Unarmed Combat
  3063 | D:4      | Found a broken altar of Ashenzari.
  3217 | D:5      | Entered Level 5 of the Dungeon
  3445 | D:5      | Noticed Prince Ribbit
  3451 | D:5      | Killed Prince Ribbit
  3452 | D:5      | Reached XP level 8. HP: 49/51 MP: 8/8
  3651 | D:5      | Found a glowing golden altar of the Shining One.
  4058 | D:5      | Reached skill level 5 in Dodging
  4369 | D:6      | Reached skill level 5 in Short Blades
  4545 | D:6      | Reached skill level 5 in Evocations
  4545 | D:6      | Reached XP level 9. HP: 58/58 MP: 9/9
  5812 | D:7      | Found a staircase to the Ecumenical Temple.
  5822 | Temple   | Entered the Ecumenical Temple
  5949 | Temple   | Became a worshipper of Gozag Ym Sagoz the Greedy
  6120 | D:8      | Noticed an orange demon
  6121 | D:8      | Noticed Amaemon
  6124 | D:8      | Found Baleklef's Book Emporium.
  6130 | D:8      | HP: 1/60 [poisoned by an orange demon]
  6131 | D:8      | Succumbed to an orange demon's poison

Illustrated notes

Levels and vault maps discovered:
D:1:      sevenhm_arrival_forest_fort_small_4, layout_basic,
          ebering_ecumenical_altar_sacrificial, minivault_14,
          minmay_pentomino_r4
D:2:      cheibrodos_greedy_goblins, layout_loops_ring
D:3:      cheibrodos_fertilizer, layout_basic, uniq_grinder
D:4:      layout_cave_pools, nicolae_overflow_hidden_temple, serial_park,
          serial_park_square3 [serial_park_minivault_5x5_6],
          serial_park_tiny_pond, serial_park_avenue1, serial_park_tiny_2
D:5:      layout_rooms, nicolae_tso_swordbearing_angel,
          hangedman_minor_gate_pass, uniq_prince_ribbit1
D:6:      layout_layer_cave, minmay_misc_feat_x
D:7:      layout_cave_pools, minmay_temple_entry_poolview
D:8:      layout_layer_cave, nicolae_vehumet_radiance, serial_shops, shop,
          nicolae_shop_tiny_real_fake_doors, shop, uniq_erica, uniq_psyche,
          uniq_amaemon, uniq_pikel
Temple:   minmay_crystal_spiral_temple

Skill      XL: |  1  2  3  4  5  6  7  8  9 |
---------------+----------------------------+-----
Evocations     | 4 5 |  5.1
Unarmed Combat | 1 4 5 6 |  6.1
Dodging        | 3 4 5 6 |  6.6
Fighting       | 2 3 4 |  4.8
Short Blades   | 3 5 6 |  6.7
Stealth        | |  1.3

Action                     |  1- 3 |  4- 6 |  7- 9 || total
---------------------------+-------+-------+-------++-------
  Melee: Unarmed           |    85 |    85 |       ||   170
         Constrict         |    24 |    31 |    45 ||   100
         Tentacles         |    25 |    27 |    52 ||   104
         Punch             |     1 |     5 |     7 ||    13
         Short sword       |       |    26 |   218 ||   244
  Evoke: Wand              |     1 |     5 |     3 ||     9
    Use: Scroll            |       |       |     3 ||     3
         Potion            |       |       |     2 ||     2
   Stab: Sleeping          |    10 |     7 |    11 ||    28
         Distracted        |       |     2 |       ||     2
 Armour: Skin              |     6 |    21 |    39 ||    66
  Dodge: Dodged            |    44 |    48 |   138 ||   230
